[ AOE2 MATCH · #494319797 ]
UnrankedBritons vs Incas
Player's team · LOSS
Rival team · WIN
[ REPLAY ANALYSIS · EXTRACTED FROM THE RECORDED GAME ]
Feudal
8:56
Castle
27:06
Imperial
—
| APM avg | 52.7 |
| APM peak | 82 |
| eAPM avg | 24.0 |
| Villagers / military | 63 / 20 |
Focus
⚔️ 35.3% · 🌾 64.7%
Archer ×9 · Scout Cavalry ×4 · Battering Ram ×3 · Petard ×2 · Mangonel ×1 · Longbowman ×1
Feudal
8:57
Castle
24:28
Imperial
—
| APM avg | 65.1 |
| APM peak | 151 |
| eAPM avg | 31.5 |
| Villagers / military | 80 / 11 |
Focus
⚔️ 57.4% · 🌾 42.6%
Unknown (2550) ×21 · Spearman ×5 · Battering Ram ×3 · Kamayuk ×1 · Mangonel ×1 · Scorpion ×1
Match map
Initial resources + every placement click. Lines = walls · curves = elevation contours. ◆ gold · ⬟ stone · ● berries · ✦ relic · ◌ wall gap
Your base· Open — 3t gap
PrIMeZ_Twitch's base· Open — unwalled flank
Smoothed initial terrain · ◌ = detected wall gap · hover for details
Inputs per minute
— Multimorbid - - PrIMeZ_Twitch
Build order — Multimorbid
First 150 of 158 actions detected
| 0:00 | Create | Villager (Male) |
| 0:01 | Create | Villager (Male) |
| 0:02 | Build | House |
| 0:03 | Build | House |
| 0:04 | Create | Villager (Male) |
| 0:05 | Create | Villager (Male) |
| 0:05 | Create | Villager (Male) |
| 1:17 | Create | Villager (Male) |
| 1:48 | Create | Villager (Male) |
| 1:48 | Create | Villager (Male) |
| 1:54 | Build | Lumber Camp |
| 2:02 | Create | Villager (Male) |
| 2:02 | Create | Villager (Male) |
| 2:34 | Create | Villager (Male) |
| 2:34 | Create | Villager (Male) |
| 3:06 | Create | Villager (Male) |
| 3:18 | Create | Villager (Male) |
| 4:00 | Build | House |
| 4:06 | Create | Villager (Male) |
| 4:17 | Create | Villager (Male) |
| 4:22 | Build | Mill |
| 4:34 | Build | Palisade Wall |
| 4:44 | Create | Villager (Male) |
| 5:23 | Create | Villager (Male) |
| 5:51 | Create | Villager (Male) |
| 5:54 | Research | Loom |
| 6:23 | Build | Lumber Camp |
| 6:47 | Research | Feudal Age |
| 6:47 | Research | Feudal Age |
| 7:07 | Build | Palisade Wall |
| 7:07 | Build | Palisade Wall |
| 7:08 | Build | Palisade Wall |
| 7:47 | Build | Barracks |
| 7:53 | Build | House |
| 7:54 | Build | Palisade Wall |
| 8:00 | Build | Palisade Wall |
| 8:25 | Build | Palisade Wall |
| 8:47 | Create | Villager (Male) |
| 8:56 | Age | Feudal Age |
| 8:58 | Build | Palisade Wall |
| 9:02 | Build | Stable |
| 9:16 | Create | Villager (Male) |
| 9:47 | Create | Scout Cavalry |
| 9:48 | Create | Scout Cavalry |
| 9:58 | Build | Watch Tower |
| 10:01 | Create | Villager (Male) |
| 10:02 | Create | Scout Cavalry |
| 10:21 | Create | Villager (Male) |
| 10:27 | Build | Watch Tower |
| 10:33 | Create | Villager (Male) |
| 10:56 | Build | House |
| 11:26 | Create | Villager (Male) |
| 11:29 | Build | Mining Camp |
| 11:30 | Create | Scout Cavalry |
| 12:06 | Create | Villager (Male) |
| 12:25 | Create | Villager (Male) |
| 12:38 | Research | Double-Bit Axe |
| 12:38 | Research | Double-Bit Axe |
| 12:39 | Create | Villager (Male) |
| 13:00 | Create | Villager (Male) |
| 13:02 | Build | House |
| 13:05 | Build | Farm |
| 13:06 | Build | Farm |
| 13:06 | Build | Farm |
| 13:13 | Research | Horse Collar |
| 13:14 | Research | Horse Collar |
| 13:25 | Create | Villager (Male) |
| 13:36 | Build | Mining Camp |
| 14:20 | Create | Villager (Male) |
| 14:40 | Build | Farm |
| 14:48 | Create | Villager (Male) |
| 14:53 | Build | Mill |
| 14:54 | Build | Farm |
| 14:54 | Build | Farm |
| 14:54 | Build | Farm |
| 14:55 | Build | Farm |
| 15:09 | Build | Archery Range |
| 15:15 | Build | Farm |
| 15:22 | Create | Villager (Male) |
| 15:22 | Create | Villager (Male) |
| 15:25 | Build | Farm |
| 15:50 | Create | Villager (Male) |
| 15:51 | Create | Villager (Male) |
| 16:05 | Create | Archer |
| 16:12 | Build | Watch Tower |
| 16:15 | Create | Villager (Male) |
| 16:17 | Build | Blacksmith |
| 16:29 | Create | Villager (Male) |
| 16:50 | Research | Fletching |
| 16:50 | Research | Fletching |
| 17:05 | Build | Palisade Wall |
| 17:08 | Create | Villager (Male) |
| 17:11 | Build | House |
| 17:15 | Create | Archer |
| 17:22 | Build | Watch Tower |
| 17:30 | Create | Villager (Male) |
| 18:03 | Create | Villager (Male) |
| 18:22 | Create | Villager (Male) |
| 18:47 | Create | Archer |
| 19:01 | Create | Villager (Male) |
| 19:11 | Create | Archer |
| 19:13 | Create | Villager (Male) |
| 19:38 | Build | House |
| 19:40 | Build | House |
| 20:00 | Research | Wheelbarrow |
| 20:01 | Create | Villager (Male) |
| 20:23 | Create | Archer |
| 20:31 | Build | House |
| 20:58 | Build | Watch Tower |
| 21:20 | Create | Villager (Male) |
| 21:26 | Build | Watch Tower |
| 21:35 | Create | Archer |
| 21:35 | Create | Archer |
| 22:05 | Create | Villager (Male) |
| 22:21 | Create | Archer |
| 22:25 | Create | Villager (Male) |
| 22:36 | Build | Market |
| 22:41 | Create | Villager (Male) |
| 23:14 | Create | Archer |
| 23:25 | Build | Farm |
| 23:39 | Create | Villager (Male) |
| 24:26 | Research | Castle Age |
| 24:26 | Research | Castle Age |
| 24:44 | Build | Archery Range |
| 26:44 | Create | Villager (Male) |
| 27:03 | Create | Villager (Male) |
| 27:06 | Age | Castle Age |
| 27:22 | Build | House |
| 27:32 | Build | House |
| 27:35 | Build | House |
| 27:37 | Build | House |
| 27:37 | Create | Villager (Male) |
| 27:44 | Build | Castle |
| 28:41 | Create | Villager (Male) |
| 29:15 | Create | Villager (Male) |
| 29:46 | Create | Villager (Male) |
| 29:58 | Build | Siege Workshop |
| 30:03 | Create | Villager (Male) |
| 30:25 | Create | Villager (Male) |
| 30:29 | Create | Battering Ram |
| 30:29 | Create | Battering Ram |
| 30:32 | Build | Town Center |
| 30:54 | Create | Villager (Male) |
| 31:00 | Create | Battering Ram |
| 31:54 | Create | Mangonel |
| 31:56 | Create | Villager (Male) |
| 31:57 | Create | Villager (Male) |
| 32:14 | Research | Bodkin Arrow |
| 32:14 | Research | Bodkin Arrow |
| 32:16 | Create | Longbowman |
Build order — PrIMeZ_Twitch
First 150 of 185 actions detected
| 0:00 | Create | Villager (Male) ×4 |
| 0:02 | Build | House |
| 0:03 | Build | House |
| 1:24 | Create | Villager (Male) |
| 1:57 | Create | Villager (Male) |
| 2:04 | Create | Villager (Male) |
| 2:04 | Create | Villager (Male) |
| 2:27 | Build | Settlement |
| 2:49 | Create | Villager (Male) |
| 2:49 | Create | Villager (Male) |
| 2:49 | Create | Villager (Male) |
| 3:29 | Create | Villager (Male) |
| 4:00 | Create | Villager (Male) |
| 4:00 | Create | Villager (Male) |
| 4:30 | Create | Villager (Male) |
| 5:02 | Build | Settlement |
| 5:06 | Create | Villager (Male) |
| 5:06 | Create | Villager (Male) |
| 5:06 | Create | Villager (Male) |
| 5:06 | Create | Villager (Male) |
| 5:07 | Create | Villager (Male) |
| 5:49 | Create | Villager (Male) |
| 6:19 | Research | Loom |
| 6:47 | Research | Feudal Age |
| 7:03 | Build | Settlement |
| 7:44 | Create | Villager (Male) |
| 7:59 | Create | Villager (Male) |
| 8:56 | Build | Barracks |
| 8:57 | Age | Feudal Age |
| 9:06 | Research | Double-Bit Axe |
| 9:07 | Create | Villager (Male) |
| 9:31 | Create | Unit 2550 |
| 9:31 | Create | Unit 2550 |
| 9:31 | Create | Unit 2550 |
| 9:38 | Build | Palisade Wall |
| 9:48 | Build | Outpost |
| 10:15 | Build | Watch Tower |
| 10:23 | Create | Villager (Male) |
| 10:24 | Create | Villager (Male) |
| 10:48 | Create | Spearman |
| 11:24 | Build | Watch Tower |
| 11:35 | Create | Villager (Male) |
| 11:35 | Create | Villager (Male) |
| 11:36 | Build | Farm |
| 11:36 | Build | Farm |
| 11:37 | Build | Farm |
| 11:37 | Build | Farm |
| 11:37 | Build | Farm |
| 12:21 | Create | Villager (Male) |
| 12:21 | Create | Villager (Male) |
| 12:28 | Build | Farm |
| 12:32 | Build | Farm |
| 12:38 | Build | Watch Tower |
| 12:43 | Create | Spearman |
| 12:43 | Create | Spearman |
| 12:52 | Create | Villager (Male) |
| 13:23 | Build | Watch Tower |
| 13:33 | Create | Villager (Male) |
| 13:33 | Create | Villager (Male) |
| 13:44 | Build | Watch Tower |
| 13:56 | Create | Villager (Male) |
| 14:15 | Create | Spearman |
| 14:32 | Build | Stone Wall |
| 14:40 | Build | Watch Tower |
| 14:50 | Build | Watch Tower |
| 14:57 | Create | Villager (Male) |
| 14:58 | Create | Villager (Male) |
| 15:04 | Create | Villager (Male) |
| 15:12 | Create | Spearman |
| 15:23 | Build | Watch Tower |
| 15:34 | Create | Villager (Male) |
| 15:42 | Build | Settlement |
| 15:51 | Build | Watch Tower |
| 16:03 | Create | Villager (Male) |
| 16:14 | Build | Blacksmith |
| 16:28 | Build | Palisade Wall |
| 16:28 | Build | Palisade Wall |
| 16:30 | Build | Palisade Wall |
| 16:30 | Build | Palisade Wall |
| 16:31 | Build | Palisade Wall |
| 16:40 | Create | Villager (Male) |
| 16:52 | Research | Fletching |
| 17:02 | Create | Villager (Male) |
| 17:12 | Create | Villager (Male) |
| 17:31 | Build | Watch Tower |
| 17:33 | Create | Villager (Male) |
| 17:39 | Create | Villager (Male) |
| 17:55 | Build | House |
| 18:24 | Build | Stone Wall |
| 18:27 | Create | Villager (Male) |
| 18:29 | Build | Farm |
| 18:29 | Build | Farm |
| 18:30 | Build | Farm |
| 18:30 | Build | Farm |
| 18:30 | Build | Farm |
| 18:36 | Build | Watch Tower |
| 18:42 | Create | Villager (Male) |
| 19:40 | Create | Villager (Male) |
| 20:06 | Create | Villager (Male) |
| 20:48 | Create | Villager (Male) |
| 20:49 | Build | Market |
| 21:03 | Build | Watch Tower |
| 21:10 | Build | Farm |
| 21:18 | Create | Villager (Male) |
| 21:21 | Build | Settlement |
| 21:48 | Research | Castle Age |
| 22:08 | Create | Villager (Male) |
| 22:08 | Create | Villager (Male) |
| 22:17 | Build | Palisade Wall |
| 22:21 | Research | Tech 1402 |
| 22:39 | Create | Villager (Male) |
| 23:50 | Create | Unit 2550 ×5 |
| 23:56 | Research | Scale Mail Armor |
| 24:28 | Age | Castle Age |
| 24:56 | Build | Castle |
| 25:05 | Create | Villager (Male) |
| 25:27 | Build | Siege Workshop |
| 25:40 | Create | Villager (Male) |
| 25:42 | Research | Tech 1351 |
| 25:42 | Research | Tech 1351 |
| 25:45 | Build | House |
| 26:04 | Create | Villager (Male) |
| 26:10 | Build | House |
| 26:29 | Build | Settlement |
| 26:34 | Create | Villager (Male) |
| 26:41 | Create | Villager (Male) |
| 27:03 | Create | Unit 2550 |
| 27:04 | Create | Unit 2550 |
| 27:16 | Create | Villager (Male) |
| 27:22 | Build | House |
| 27:23 | Build | Palisade Wall |
| 27:24 | Build | Palisade Wall |
| 27:25 | Create | Villager (Male) |
| 28:04 | Create | Villager (Male) |
| 28:04 | Create | Villager (Male) |
| 28:30 | Create | Mangonel |
| 28:35 | Create | Villager (Male) |
| 28:36 | Create | Villager (Male) |
| 28:46 | Create | Unit 2550 |
| 28:50 | Build | Farm |
| 28:50 | Build | Farm |
| 28:51 | Build | Farm |
| 28:51 | Build | Farm |
| 29:33 | Create | Villager (Male) |
| 29:33 | Create | Villager (Male) |
| 29:55 | Create | Villager (Male) |
| 29:55 | Create | Villager (Male) |
| 29:59 | Create | Kamayuk |
| 30:12 | Create | Unit 2550 |
| 30:12 | Create | Unit 2550 |
Match timeline
| 4:34 | Multimorbid · wall_segment Palisade Wall x1 |
| 7:07 | Multimorbid · wall_segment Palisade Wall x1 |
| 7:07 | Multimorbid · wall_segment Palisade Wall x1 |
| 7:08 | Multimorbid · wall_segment Palisade Wall x1 |
| 7:47 | Multimorbid · first_building Barracks |
| 7:54 | Multimorbid · wall_segment Palisade Wall x1 |
| 8:00 | Multimorbid · wall_segment Palisade Wall x1 |
| 8:25 | Multimorbid · wall_segment Palisade Wall x8 |
| 8:56 | PrIMeZ_Twitch · first_building Barracks |
| 8:56 | Multimorbid · age_up feudal |
| 8:57 | PrIMeZ_Twitch · age_up feudal |
| 8:58 | Multimorbid · wall_segment Palisade Wall x1 |
| 9:02 | Multimorbid · first_building Stable |
| 9:38 | PrIMeZ_Twitch · wall_segment Palisade Wall x1 |
| 14:32 | PrIMeZ_Twitch · wall_segment Stone Wall x1 |
| 15:09 | Multimorbid · first_building Archery Range |
| 16:28 | PrIMeZ_Twitch · wall_segment Palisade Wall x1 |
| 16:28 | PrIMeZ_Twitch · wall_segment Palisade Wall x1 |
| 16:30 | PrIMeZ_Twitch · wall_segment Palisade Wall x1 |
| 16:30 | PrIMeZ_Twitch · wall_segment Palisade Wall x1 |
| 16:31 | PrIMeZ_Twitch · wall_segment Palisade Wall x1 |
| 17:05 | Multimorbid · wall_segment Palisade Wall x1 |
| 18:24 | PrIMeZ_Twitch · wall_segment Stone Wall x1 |
| 21:45 | PrIMeZ_Twitch · first_market_buy 100 food |
| 22:17 | PrIMeZ_Twitch · wall_segment Palisade Wall x1 |
| 23:59 | Multimorbid · first_market_sell 100 wood |
| 24:00 | Multimorbid · first_market_buy 100 food |
| 24:28 | PrIMeZ_Twitch · age_up castle |
| 24:36 | PrIMeZ_Twitch · first_market_sell 100 food |
| 24:56 | PrIMeZ_Twitch · first_building Castle |
| 25:27 | PrIMeZ_Twitch · first_building Siege Workshop |
| 27:06 | Multimorbid · age_up castle |
| 27:23 | PrIMeZ_Twitch · wall_segment Palisade Wall x6 |
| 27:24 | PrIMeZ_Twitch · wall_segment Palisade Wall x10 |
| 27:44 | Multimorbid · first_building Castle |
| 29:58 | Multimorbid · first_building Siege Workshop |
| 30:36 | PrIMeZ_Twitch · wall_segment Palisade Wall x20 |
| 33:40 | Multimorbid · resign |
[ AI ANALYSIS · 1 CREDIT ]
What really happened in this match?
Wolo.gg analyzes every decision: build order, eco, micro, common mistakes by bracket. Personalized analysis on WhatsApp or Discord in 30 seconds.
Civ guide
Britons
Perfil
Multimorbid